 Dungeon Crawl Stone Soup version 0.25-a0-502-g6516661 (webtiles) character file.

Game seed: 18158833314759116270, levelgen mode: deterministic

40 wolfsongas the Grasshopper (level 3, -3/28 HPs)
             Began as a Gnoll Wanderer on Feb 13, 2020.
             Slain by a worm (11 damage)
             ... on level 1 of the Dungeon.
             The game lasted 00:02:33 (1212 turns).

wolfsongas the Grasshopper (Gnoll Wanderer)         Turns: 1212, Time: 00:02:33

Health: -3/28      AC:  5    Str: 14    XL:     3   Next: 50%
Magic:  7/7        EV:  9    Int: 21    God:
Gold:   49         SH:  8    Dex: 13    Spells: 7/7 levels left

rFire    . . .     SeeInvis .   a - +0 club
rCold    . . .     Gourm    .   k - +1 kite shield
rNeg     . . .     Faith    .   c - +2 leather armour
rPois    .         Spirit   .   (no helmet)
rElec    .         Reflect  .   (no cloak)
rCorr    .         Harm     .   (no gloves)
MR       .....                  (no boots)
Stlth    +.........             (no amulet)
HPRegen  0.09/turn              (no ring)
MPRegen  0.10/turn              (no ring)

@: brilliant
A: distributed training, fangs 1, strong nose
a: no special abilities


You were on level 1 of the Dungeon.
You were not hungry.

You visited 1 branch of the dungeon, and saw 2 of its levels.

You collected 49 gold pieces.

Inventory:

Hand Weapons
 a - a +0 club (weapon)
Armour
 c - a +2 leather armour (worn)
 k - a +1 kite shield (worn)
 l - a +0 chain mail
Scrolls
 f - a scroll of remove curse
Potions
 h - a potion of flight
Comestibles
 d - a ration
 g - 3 chunks of flesh


   Skills:
 + Level 2.6 Fighting
 + Level 0.8 Short Blades
 + Level 2.6 Long Blades
 + Level 0.8 Axes
 + Level 0.8 Maces & Flails
 + Level 0.8 Polearms
 + Level 0.8 Staves
 + Level 0.8 Slings
 + Level 0.8 Bows
 + Level 0.8 Crossbows
 + Level 2.6 Throwing
 + Level 0.8 Armour
 + Level 2.6 Dodging
 + Level 0.8 Stealth
 + Level 0.8 Shields
 + Level 0.8 Unarmed Combat
 + Level 2.8 Spellcasting
 + Level 0.5 Conjurations
 + Level 0.5 Hexes
 + Level 0.5 Charms
 + Level 0.5 Summonings
 + Level 0.5 Necromancy
 + Level 7.1 Translocations
 + Level 0.5 Transmutations
 + Level 0.5 Fire Magic
 + Level 0.5 Ice Magic
 + Level 0.5 Air Magic
 + Level 0.5 Earth Magic
 + Level 0.5 Poison Magic
 + Level 1.0 Invocations
 + Level 2.6 Evocations


You had 7 spell levels left.
You didn't know any spells.
Your spell library was empty.

Dungeon Overview and Level Annotations

Branches:
Dungeon (2/15)

Altars:


Innate Abilities, Weirdness & Mutations

Your experience applies equally to all skills.
You have very sharp teeth.
Your uncanny sense of smell can sniff out nearby items.


Message History

You block the jackal's attack.
The jackal bites you but does no damage.
The worm bites you.
* * * LOW HITPOINT WARNING * * *
You block the jackal's attack.
The jackal bites you but does no damage.
Okay, then.
The jackal bites you but does no damage.
You block the jackal's attack.
The jackal bites you but does no damage.
The worm barely misses you.
There is a stone staircase leading up here.
You block the jackal's attack. The jackal closely misses you.
You block the jackal's attack.
The jackal bites you but does no damage.
You climb upwards.
There is a stone staircase leading down here.
The jackal barely misses you. x2; You block the jackal's attack.
The worm bites you!
You die...

#.[.......# #........#
#.........# ##........##
#.........# #.........'.
#.........## #.........##
#..........# #.##......#
######.....# #.##......#
######.....# #.##......#
#......h...###.##......##
#......h@h.'.............
#......w...###.###...####
#.......[†.# #.# #...#
#..........# #.# #...#
#..........# #.# #...#
#......#.#####+########
#......#.####.........###
#......#..............'..
########.####.........###


You could see a worm and 3 jackals.

Vanquished Creatures
  An adder (D:2)
  2 dart slugs (D:1)
  A leopard gecko (D:1)
  2 giant cockroaches (D:1)
  6 goblins
  2 hobgoblins (D:1)
  2 jackals (D:1)
  2 kobolds (D:1)
  2 bats (D:1)
  2 frilled lizards (D:1)
  2 rats (D:1)
24 creatures vanquished.

Notes
Turn   | Place    | Note
-------+----------+-------------------------------------------
     0 | D:1      | wolfsongas the Gnoll Wanderer began the quest for the Orb.
     0 | D:1      | wolfsongas set off with the following items: a +0 club, 2
                  | potions of lignification, a +2 leather armour, a ration
     0 | D:1      | Reached XP level 1. HP: 17/17 MP: 4/4
   195 | D:1      | Reached XP level 2. HP: 21/23 MP: 5/5
   798 | D:1      | Reached XP level 3. HP: 28/28 MP: 7/7
  1205 | D:2      | Reached skill level 1 in Invocations
  1212 | D:1      | Slain by a worm

Levels and vault maps discovered:
D:1:      lightli_arrival_statuegarden, layout_basic
D:2:      layout_loops_corners, lemuel_round_altar

Skill      XL: |  1  2  3 |
---------------+----------+-----
Invocations    | 1 |  1.0
Fighting       | |  2.6
Short Blades   | |  0.8
Long Blades    | |  2.6
Axes           | |  0.8
Maces & Flails | |  0.8
Polearms       | |  0.8
Staves         | |  0.8
Slings         | |  0.8
Bows           | |  0.8
Crossbows      | |  0.8
Throwing       | |  2.6
Armour         | |  0.8
Dodging        | |  2.6
Stealth        | |  0.8
Shields        | |  0.8
Unarmed Combat | |  0.8
Spellcasting   | |  2.8
Conjurations   | |  0.5
Hexes          | |  0.5
Charms         | |  0.5
Summonings     | |  0.5
Necromancy     | |  0.5
Translocations | |  7.1
Transmutations | |  0.5
Fire Magic     | |  0.5
Ice Magic      | |  0.5
Air Magic      | |  0.5
Earth Magic    | |  0.5
Poison Magic   | |  0.5
Evocations     | |  2.6

Action                   || total
-------------------------++-------
Melee: Club              ||   133
       Bite              ||     8
  Use: Scroll            ||     5
       Potion            ||     5
 Stab: Sleeping          ||     2
  Eat: Ration            ||     1
Armor: Leather armour    ||    41
       Skin              ||   110
Dodge: Dodged            ||    76
Block: Kite shield       ||    79

Table legend:
 A = Non-vault XP
 B = Vault XP
 C = Vault XP percentage of total XP
 D = Non-vault monster count
 E = Vault monster count
 F = Vault count percentage of total count
                 A         B        C        D         E       F
            +---------+---------+-------+---------+---------+-------
      Total |      58 |       0 |   0.0 |      24 |       0 |   0.0
            +---------+---------+-------+---------+---------+-------
        D:1 |      43 |       0 |   0.0 |      22 |       0 |   0.0
        D:2 |      15 |       0 |   0.0 |       2 |       0 |   0.0
            +---------+---------+-------+---------+---------+-------
